 Dungeon Crawl Stone Soup version 0.21.1-1-g345015f (webtiles) character file.

16424 geeseburger the Severer (level 12, -8/107 HPs)
             Began as a Hill Orc Fighter on May 21, 2018.
             Was a High Priest of Okawaru.
             Mangled by Rupert
             ... wielding a +2 executioner's axe of chopping
              (13 damage)
             ... on level 3 of the Lair of Beasts on May 22, 2018.
             The game lasted 00:38:41 (13243 turns).

geeseburger the Severer (Hill Orc Fighter)         Turns: 13243, Time: 00:38:42

Health: -8/107     AC: 26    Str: 24    XL:     12   Next: 37%
Magic:  12/12      EV:  7    Int:  8    God:    Okawaru [*****.]
Gold:   426        SH:  0    Dex: 10    Spells: 11/11 levels left

rFire    . . .     SeeInvis +   S - +3 battleaxe
rCold    . . .     Gourm    .   (shield currently unavailable)
rNeg     . . .     Faith    +   L - +0 plate armour
rPois    .         Spirit   .   E - +2 helmet
rElec    .         Reflect  .   M - +2 cloak {MR+}
rCorr    .         Harm     .   I - +1 pair of gloves
MR       ++...                  O - +1 pair of boots
Stlth    ..........             R - amulet of faith
HPRegen  0.27/turn              G - ring of see invisible
MPRegen  0.13/turn              D - ring of protection from magic

@: no status effects
A: no striking features
a: Heroism, Finesse, Renounce Religion


You were on level 3 of the Lair of Beasts.
You worshipped Okawaru.
Okawaru was extremely pleased with you.
You were not hungry.

You visited 3 branches of the dungeon, and saw 13 of its levels.
You also visited: Sewer.

You collected 576 gold pieces.
You spent 150 gold pieces at shops.

Inventory:

Hand Weapons
 a - a +3 war axe
 k - a +0 hand axe of freezing
 S - a +3 battleaxe (weapon)
Missiles
 m - 3 exploding tomahawks (quivered)
Armour
 b - a +0 large shield
 c - a +0 shield
 r - a +0 pair of boots
 E - a +2 helmet (worn)
 I - a +1 pair of gloves (worn)
 J - the +0 pair of boots of the Townfolk {+Blink rPois rF- MR-}
   (You found it on level 7 of the Dungeon)

   It makes you vulnerable to fire.
   It protects you from poison.
   It affects your resistance to hostile enchantments.
   It lets you blink.
 L - a +0 plate armour (worn)
 M - a +2 cloak of magic resistance (worn)
 O - a +1 pair of boots (worn)
Jewellery
 o - an uncursed ring of magical power
 D - a ring of protection from magic (right hand)
 G - a ring of see invisible (left hand)
 R - an amulet of faith (around neck)
 V - an uncursed ring of protection from cold {unknown}
Wands
 x - a wand of digging (13)
 y - a wand of acid (5)
 B - a wand of paralysis (11)
 K - a wand of flame (13)
 N - a wand of clouds (6)
 P - a wand of random effects (22)
Scrolls
 d - 4 scrolls of amnesia
 i - 3 scrolls of remove curse
 s - 4 scrolls of teleportation
 u - 5 scrolls of magic mapping
 v - 2 scrolls of fog
 w - 4 scrolls of fear
 z - 2 scrolls of blinking
 A - a scroll of immolation
Potions
 e - 6 potions of haste
 g - 2 potions of magic
 h - 2 potions of flight
 j - a potion of invisibility {unknown}
 l - 8 potions of curing
 n - a potion of resistance {unknown}
 p - 5 potions of agility {unknown}
 q - 3 potions of brilliance {unknown}
 t - 3 potions of might
 C - 2 potions of degeneration {unknown}
 H - 2 potions of mutation
 Q - a potion of lignification {unknown}
Books
 F - a book of Geomancy

   Spells                             Type                      Level
   a - Sandblast                      Earth                        1
   b - Passwall                       Transmutation/Earth          2
   c - Stone Arrow                    Conjuration/Earth            3
   d - Petrify                        Transmutation/Earth          4
   e - Lee's Rapid Deconstruction     Earth                        5
 T - a book of Maledictions

   Spells                             Type                      Level
   a - Corona                         Hexes                        1
   b - Ensorcelled Hibernation        Hexes/Ice                    2
   c - Confuse                        Hexes                        3
   d - Tukima's Dance                 Hexes                        3
   e - Dazzling Spray                 Conjuration/Hexes            3
Comestibles
 f - 16 rations


   Skills:
 + Level 10.3 Fighting
 * Level 18.0 Axes
 + Level 9.5 Armour
 - Level 7.9 Shields


You had 11 spell levels left.
You didn't know any spells.

Dungeon Overview and Level Annotations

Branches:
Dungeon (9/15)             Temple (1/1) D:7            Lair (3/6) D:9
  Swamp: Lair:2-4    Shoals: Lair:2-4     Snake: Lair:2-4    Spider: Lair:2-4
    Orc: D:9-12

Altars:
Ashenzari
Dithmenos
Fedhas
Gozag
Hepliaklqana
Kikubaaqudgha
Makhleb
Nemelex Xobeh
Okawaru
Qazlal
Ru
Sif Muna
Uskayaw
Vehumet
Wu Jian
Xom
Yredelemnul
The Shining One

Shops:
D:7 !   D:9 (

Annotations:
Lair:3 Rupert


Message History

Okawaru accepts your kill.
Rupert hits you with an executioner's axe of chopping!!
* * * LOW HITPOINT WARNING * * *
x2 You feel better.
Rupert hits you but does no damage.
You closely miss Rupert.
Rupert is almost dead.
Rupert hits you with an executioner's axe of chopping!
* * * LOW HITPOINT WARNING * * *
x2 You barely miss Rupert.
Rupert is almost dead.
You hit Rupert but do no damage.
Rupert is almost dead.
Rupert barely misses you.
You feel better.
Rupert hits you with an executioner's axe of chopping!!
* * * LOW HITPOINT WARNING * * *
x2 You hit Rupert.
Rupert is almost dead.
Rupert hits you with an executioner's axe of chopping!
You die...

.. #......#..####P..##
##.# ##.....[#.#P###...
#P+.##................#
....................
.....................
........$............
.....................
..$.....†.......?....
%.....†@............
.......@†..........
#..##........P##P# ..
#........### .
..#.......#
............#
##.###......## .
#......#


You could see Rupert (berserk).

Vanquished Creatures
  A catoblepas (Lair:2)
  A hydra (Lair:1)
  The ghost of Paps the Basher, a novice TrBe of Trog (D:7)
  The ghost of Terandir the Cleaver, a novice MiFi of Cheibriados (D:9)
  3 two-headed ogres
  Nergalle (Lair:3)
  A black mamba (Lair:3)
  Maurice (D:8)
  3 spiny frogs
  A komodo dragon (Lair:1)
  A polar bear (Lair:2)
  2 trolls
  5 blink frogs (Lair:3)
  A hippogriff (Lair:2)
  Sigmund (D:3)
  18 yaks
  A basilisk (Lair:2)
  A hog (D:7)
  A human (D:7)
  A hungry ghost (D:9)
  5 water moccasins
  3 porcupines
  An orc warrior (D:8)
  2 ice beasts
  A phantom (D:6)
  A sky beast (D:9)
  A hornet zombie (D:9)
  2 ogres
  An eye of draining (D:8)
  5 centaurs
  2 crocodiles (Lair:2)
  11 bullfrogs
  A water moccasin zombie (D:5)
  2 scorpions
  2 howler monkeys (D:8)
  7 wights
  A bullfrog zombie (D:8)
  2 crimson imps (D:6)
  2 bullfrog skeletons
  2 quasits
  3 jellies
  7 hounds
  3 orc priests
  A gnoll shaman (D:4)
  5 orc wizards
  A centaur skeleton (D:7)
  4 worker ants
  An iguana (D:9)
  A hound skeleton (D:7)
  5 gnolls
  5 river rats
  14 adders
  3 shadow imps
  2 oozes
  2 adder zombies
  3 worms
  2 dart slugs
  4 leopard geckos
  28 orcs
  7 bats
  11 giant cockroaches
  8 goblins
  4 hobgoblins
  12 jackals
  12 ball pythons
  10 frilled lizards
  5 kobolds
  A quokka skeleton (D:4)
  A quokka zombie (D:6)
  33 rats
  A fungus (Lair:2)
299 creatures vanquished.

Vanquished Creatures (others)
  A kobold (D:2)
  2 fungi (Lair:3)
3 creatures vanquished.

Grand Total: 302 creatures vanquished

Notes
Turn   | Place    | Note
-------+----------+-------------------------------------------
     0 | D:1      | geeseburger the Hill Orc Fighter began the quest for the Orb.
     0 | D:1      | Reached XP level 1. HP: 19/19 MP: 1/1
     8 | D:1      | Reached skill level 3 in Axes
    56 | D:1      | Reached XP level 2. HP: 26/26 MP: 2/2
   215 | D:1      | Reached skill level 4 in Axes
   634 | D:2      | Reached XP level 3. HP: 31/31 MP: 3/3
   656 | D:2      | Found a radiant altar of Vehumet.
   707 | D:2      | Found an opulent altar of Gozag.
   787 | D:2      | Found a sparkling altar of Nemelex Xobeh.
   804 | D:2      | Reached skill level 5 in Axes
   910 | D:2      | Reached XP level 4. HP: 23/39 MP: 4/4
  1143 | D:2      | Reached skill level 6 in Axes
  1344 | D:3      | Noticed Sigmund
  1351 | D:3      | Killed Sigmund
  1351 | D:3      | Reached skill level 8 in Axes
  1351 | D:3      | Reached XP level 5. HP: 29/45 MP: 5/5
  1351 | D:3      | Reached XP level 6. HP: 33/51 MP: 6/6
  1395 | D:3      | Noticed an ice beast
  1411 | D:3      | Killed an ice beast
  1411 | D:3      | Reached skill level 9 in Axes
  1625 | D:3      | Found a shimmering altar of Xom.
  1938 | D:3      | Found a glowing drain.
  1945 | Sewer    | Entered a sewer
  2114 | Sewer    | Reached XP level 7. HP: 57/57 MP: 7/7
  2504 | Sewer    | Reached skill level 10 in Axes
  3263 | D:4      | Reached skill level 11 in Axes
  3597 | D:4      | Reached XP level 8. HP: 53/64 MP: 8/8
  3603 | D:4      | Found a sacrificial altar of Ru.
  3968 | D:5      | Entered Level 5 of the Dungeon
  4383 | D:5      | Reached skill level 12 in Axes
  4662 | D:6      | Found a blossoming altar of Fedhas.
  4811 | D:6      | Found an ornate altar of the Wu Jian Council.
  4993 | D:6      | Reached skill level 13 in Axes
  5495 | D:7      | Noticed a yak
  5495 | D:7      | Noticed a yak
  5495 | D:7      | Noticed a yak
  5504 | D:7      | Reached skill level 14 in Axes
  5504 | D:7      | Reached XP level 9. HP: 50/70 MP: 9/9
  5536 | D:7      | Reached skill level 15 in Axes
  5868 | D:7      | Found Ismol's Distillery.
  5877 | D:7      | Bought a potion of heal wounds for 75 gold pieces
  5877 | D:7      | Bought a potion of heal wounds for 75 gold pieces
  6067 | D:7      | Noticed Paps's ghost (novice TrBe)
  6085 | D:7      | HP: 1/70 [Paps's ghost (17)]
  6093 | D:7      | Killed Paps's ghost
  6093 | D:7      | Reached skill level 16 in Axes
  6310 | D:7      | Found a staircase to the Ecumenical Temple.
  6400 | D:7      | Got a pair of dazzling boots
  6402 | D:7      | Identified the +0 pair of boots of the Townfolk {+Blink rPois rF- MR-} (You found it on level 7 of the Dungeon)
  6418 | Temple   | Entered the Ecumenical Temple
  6629 | Temple   | Became a worshipper of Warmaster Okawaru
  6777 | D:7      | Found a deep blue altar of Sif Muna.
  7177 | D:8      | Reached XP level 10. HP: 71/79 MP: 10/10
  7302 | D:8      | Reached skill level 5 in Fighting
  7606 | D:8      | Found a basalt altar of Yredelemnul.
  7607 | D:8      | Found an opulent altar of Gozag.
  7618 | D:8      | Reached * piety under Okawaru
  7950 | D:8      | Noticed Maurice
  7952 | D:8      | Noticed a two-headed ogre
  7969 | D:7      | Killed a two-headed ogre
  7969 | D:7      | Reached skill level 5 in Armour
  7969 | D:7      | Reached skill level 5 in Shields
  8149 | D:8      | Killed Maurice
  8149 | D:8      | Reached ** piety under Okawaru
  8438 | D:8      | Noticed a two-headed ogre
  8449 | D:8      | Killed a two-headed ogre
  8598 | D:9      | Noticed a two-headed ogre
  8620 | D:8      | Killed a two-headed ogre
  8620 | D:8      | Reached *** piety under Okawaru
  8620 | D:8      | Reached XP level 11. HP: 15/92 MP: 11/11
  8948 | D:9      | Received a gift from Okawaru
  9129 | D:9      | Found Coraajar's Antique Weapon Emporium.
  9212 | D:9      | Noticed Terandir's ghost (novice MiFi)
  9229 | D:9      | Killed Terandir's ghost
  9229 | D:9      | Reached **** piety under Okawaru
  9266 | D:9      | Found a glowing golden altar of the Shining One.
 10462 | D:9      | Found a staircase to the Lair.
 10553 | Lair:1   | Entered Level 1 of the Lair of Beasts
 10764 | Lair:1   | Reached ***** piety under Okawaru
 10766 | Lair:1   | Received a gift from Okawaru
 11009 | Lair:1   | Noticed a five-headed hydra
 11017 | Lair:1   | Killed an 11-headed hydra
 11017 | Lair:1   | Reached skill level 17 in Axes
 11197 | Lair:1   | Noticed a six-headed hydra
 11871 | Lair:2   | Noticed a catoblepas
 11895 | Lair:2   | Killed a catoblepas
 12186 | Lair:2   | Reached XP level 12. HP: 106/106 MP: 12/12
 12686 | Lair:2   | Reached skill level 10 in Fighting
 12977 | Lair:3   | Noticed Nergalle
 12996 | Lair:3   | Killed Nergalle
 13217 | Lair:3   | Noticed Rupert
 13219 | Lair:3   | Reached skill level 18 in Axes
 13242 | Lair:3   | HP: 5/107 [Rupert/executioner's axe of chopping (2)]
 13243 | Lair:3   | Mangled by Rupert

Skill      XL: |  1  2  3  4  5  6  7  8  9 10 11 12 |
---------------+-------------------------------------+-----
Axes           | 3 4 5 8 9 11 14 16 17 18 | 18.0
Fighting       | 4 7 9 10 | 10.3
Armour         | 6 9 |  9.5
Shields        | 6 7 |  7.9

Action                   |  1- 3 |  4- 6 |  7- 9 | 10-12 || total
-------------------------+-------+-------+-------+-------++-------
Melee: War axe           |   102 |   162 |   432 |   262 ||   958
       Battleaxe         |       |       |       |   188 ||   188
  Use: Scroll            |     1 |     3 |    18 |     8 ||    30
       Potion            |       |     1 |     5 |     5 ||    11
  Eat: Ration            |       |     2 |     5 |     6 ||    13
Armor: Scale mail        |    33 |    66 |    78 |       ||   177
       Chain mail        |       |       |    90 |    17 ||   107
       Plate armour      |       |       |       |   254 ||   254
Dodge: Dodged            |    37 |    38 |   105 |   111 ||   291
Block: Shield            |    63 |    72 |   182 |    76 ||   393
       Large shield      |       |       |       |    55 ||    55
